 Dungeon Crawl Stone Soup version 0.17-a0-670-g5d95ebd (webtiles) character file.

63 Silverhawk the Chiller (level 3, -3/19 HPs)
             Began as a Deep Elf Ice Elementalist on Apr 18, 2015.
             Killed by Freeze
             ... invoked by Viceroy's ghost
              (10 damage)
             ... on level 3 of the Dungeon.
             The game lasted 00:17:28 (2166 turns).

Silverhawk the Chiller (Deep Elf Ice Elementalist)  Turns: 2166, Time: 00:17:28

Health: -3/19      AC:  4    Str:  6    XL:     3   Next: 89%
Magic:  2/10       EV: 13    Int: 19    God:
Gold:   155        SH:  0    Dex: 15    Spells: 3 memorised, 3 levels left

rFire  . . .     SeeInvis .     l - +0 spear
rCold  . . .     Clarity  .     a - +0 robe
rNeg   . . .     SustAb   .     (no shield)
rPois  .         Gourm    .     (no helmet)
rElec  .         Spirit   .     (no cloak)
rCorr  .         Warding  .     j - +0 pair of gloves
rMut   .         Stasis   .     g - +0 pair of boots
MR     .....                    (no amulet)
Stlth  ++........               (no ring)
                                (no ring)

@: not resistant to hostile enchantments, unstealthy
A: no striking features
a: no special abilities


You were on level 3 of the Dungeon.
You were not hungry.

You visited 1 branch of the dungeon, and saw 3 of its levels.

You collected 155 gold pieces.

Inventory:

Hand weapons
 c - a -2 dagger
 l - a +0 spear (weapon)
Armour
 a - a +0 robe (worn)
 g - a +0 pair of boots (worn)
 j - a +0 pair of gloves (worn)
Scrolls
 d - a scroll of enchant weapon
 e - a scroll of remove curse {unknown}
 f - a scroll of fear {unknown}
 i - a scroll of recharging {unknown}
 k - a scroll of teleportation {unknown}
 o - 2 scrolls of identify {unknown}
Potions
 h - a potion of flight {unknown}
 p - a potion of restore abilities {unknown}
 q - a potion of haste {unknown}
Books
 b - a book of Frost

   Spells                             Type                      Level
   a - Freeze                         Ice                          1
   b - Throw Frost                    Conjuration/Ice              2
   c - Ozocubu's Armour               Charms/Ice                   3
   d - Throw Icicle                   Conjuration/Ice              4
   e - Summon Ice Beast               Ice/Summoning                4
   f - Condensation Shield            Ice                          4
 m - a book of Changes

   Spells                             Type                      Level
   a - Beastly Appendage              Transmutation                1
   b - Sticks to Snakes               Transmutation                2
   c - Spider Form                    Transmutation/Poison         3
   d - Ice Form                       Ice/Transmutation            4
   e - Blade Hands                    Transmutation                5
Comestibles
 n - a beef jerky


   Skills:
 - Level 2.4 Dodging
 - Level 2.4 Stealth
 + Level 3.8 Spellcasting
 * Level 2.5 Conjurations
 + Level 4.2 Ice Magic


You had 3 spell levels left.
You knew the following spells:

 Your Spells              Type           Power        Failure   Level  Hunger
a - Freeze                Ice            ###.         2%          1    None
b - Throw Frost           Conj/Ice       ###...       8%          2    ##.....
c - Ozocubu's Armour      Chrm/Ice       ##......     17%         3    ###....


Dungeon Overview and Level Annotations

Branches:
Dungeon (3/15)

Altars:
Kikubaaqudgha
Nemelex Xobeh

Annotations:
D:3 Viceroy's ghost, average DrIE


Message History

Viceroy's ghost hits you but does no damage.
You hit Viceroy's ghost but do no damage.
Viceroy's ghost is severely damaged.
Viceroy's ghost gestures at you while chanting.
You are frozen.
You hit Viceroy's ghost but do no damage.
Viceroy's ghost is severely damaged.
Viceroy's ghost hits you but does no damage.
You barely miss Viceroy's ghost.
Viceroy's ghost is severely damaged.
Viceroy's ghost hits you. Viceroy's ghost completely misses you.
You hit Viceroy's ghost but do no damage.
Viceroy's ghost is severely damaged.
Viceroy's ghost hits you.
You hit Viceroy's ghost.
Viceroy's ghost is severely damaged.
Viceroy's ghost casts a spell at you.
You are frozen.
Ouch! That really hurt!
You die...

#.# #.# #.....# #.#
#.# ###.### #.#
#.########## #.# #.#
#..........# #.#
####.#
##########.########.#
...#.# #......)....#
##.#.#
#########..##########
##### #..........(#
.####..@...# #.##W.##
# #..# #...# #.....
#...### #.### #.# .


You could see Viceroy's ghost.

Vanquished Creatures
  2 adders (D:2)
  An orc (D:2)
  5 bats
  A giant cockroach (D:1)
  10 hobgoblins
  4 ball pythons
  A giant newt (D:1)
  5 goblins
  9 kobolds
  3 rats
41 creatures vanquished.

Notes
Turn   | Place    | Note
--------------------------------------------------------------
     0 | D:1      | Silverhawk, the Deep Elf Ice Elementalist, began the quest for the Orb.
     0 | D:1      | Reached XP level 1. HP: 10/10 MP: 6/6
   259 | D:1      | Reached XP level 2. HP: 15/15 MP: 8/8
   263 | D:1      | Learned a level 2 spell: Throw Frost
   601 | D:2      | Found an ancient bone altar of Kikubaaqudgha.
   931 | D:2      | Reached skill level 4 in Ice Magic
   936 | D:2      | Reached XP level 3. HP: 10/19 MP: 1/10
  1175 | D:2      | Learned a level 3 spell: Ozocubu's Armour
  1292 | D:2      | Found a sparkling altar of Nemelex Xobeh.
  2150 | D:3      | Noticed Viceroy's ghost (average DrIE)
  2166 | D:3      | Killed from afar by Viceroy's ghost

Action                   || total
-------------------------++-------
Melee: Spear             ||    30
 Cast: Freeze            ||    20
       Throw Frost       ||    49
       Ozocubu's Armour  ||     2
  Use: Scroll            ||     1
  Eat: Bread ration      ||     1
       Beef jerky        ||     1
